Map: Honorgrounds LE

Players

Musumeci

  • Race: Zerg Zerg
  • League: Diamond
  • Spawn Location: 11:00

KoinK - Winner!

  • Race: Terran Terran
  • League: Diamond
  • Spawn Location: 5:00

VOD

Have the link to the VOD?

Description

Time

  • Played on: Jan. 25, 2017, 3:01 p.m.
  • Length: 18:03
Show
View Real Time Build Order
Export as new Build Order

Musumeci Zerg 

Build Orders: Hatch First 

Get SALT Encoding   

  12  0:01  Drone  
  13  0:09  Drone  
  14  0:35  Extractor  
  13  0:36  Drone, Extractor  
  13  0:37  Drone  
  16  0:51  Hatchery  
  16  0:55  Extractor  
  15  1:04  Spawning Pool  
  15  1:05  Extractor  
  15  1:07  Extractor  
  15  1:09  Drone  
  13  1:14  Drone  
  16  1:32  Overlord  
  16  1:51  Drone x3  
  19  1:54  Queen  
  21  2:03  Queen  
  21  2:04  Drone x2  
  25  2:45  Queen  
  25  2:47  Drone  
  25  2:48  Overlord x2  
  28  3:00  Overlord  
  28  3:01  Hatchery  
  28  3:04  Queen, Extractor  
  28  3:07  Drone  
  28  3:08  Drone x2  
  32  3:15  Drone  
  32  3:16  Drone x2  
  32  3:17  Drone  
  36  3:20  Drone  
  36  3:25  Drone  
  36  3:26  Drone  
  39  3:28  Drone  
  39  3:30  Drone  
  39  3:32  Drone  
  42  3:36  Drone  
  43  3:47  Extractor  
  42  3:50  Extractor, Roach Warren  
  42  3:51  Drone x3  
  42  3:59  Queen  
  44  4:04  Evolution Chamber  
  44  4:05  Evolution Chamber  
  44  4:07  Evolution Chamber  
  41  4:13  Overlord x2  
  41  4:23  Queen  
  43  4:26  Queen  
  43  4:28  Overlord  
  45  4:52  Spore Crawler  
  44  4:53  Spore Crawler  
  44  4:56  Spore Crawler  
  44  4:59  Queen  
  42  5:00  Queen  
  42  5:01  Spore Crawler  
  42  5:06  Overlord  
  43  5:08  Drone x3  
  43  5:11  Drone  
  45  5:26  Queen  
  45  5:32  Drone x3  
  45  5:33  Drone x3  
  49  5:52  Roach  
  49  5:53  Roach x5  
  55  6:10  Roach x6  
  55  6:23  Ravager x2  
  55  6:24  Ravager x2  
  59  6:32  Ravager, Spore Crawler  
  59  6:34  Drone x3, Extractor  
  59  6:35  Drone x4  
  59  6:37  Extractor  
  64  6:50  Ravager x2  
  67  6:54  Drone x2  
  67  6:58  Drone x2  
  67  6:59  Queen  
  74  7:05  Lair  
  72  7:20  Ravager x2  
  74  7:27  Hatchery  
  73  7:34  Ravager  
  73  7:35  Drone x2  
  76  7:49  Overlord x4  
  76  7:54  Zerg Ground Armor Level 1, Zerg Missile Weapons Level 1  
  76  8:01  Extractor  
  75  8:07  Queen x2  
  75  8:09  Extractor  
  78  8:19  Roach x3  
  78  8:29  Drone x3, Spore Crawler  
  80  8:37  Spore Crawler  
  70  8:43  Roach x6  
  79  8:54  Ravager x2  
  70  8:57  Roach x3  
  65  9:16  Ravager x5  
  65  9:17  Roach x4  
  76  9:36  Hatchery  
  62  9:53  Roach  
  62  9:54  Roach x6  
  68  10:08  Ravager  
  68  10:09  Ravager x2  
  68  10:14  Ravager x3  
  74  10:20  Roach x3  
  80  10:27  Roach x3  
  61  10:53  Roach  
  61  10:54  Roach x9  
  79  11:09  Hatchery  
  78  11:13  Ravager x3  
  81  11:20  Drone x3  
  81  11:21  Drone x4  
  88  11:27  Extractor  
  88  11:30  Extractor  
  88  11:31  Ravager  
  88  11:32  Ravager x2  
  89  11:39  Ravager  
  90  11:47  Roach x4, Spore Crawler  
  96  11:48  Spore Crawler  
  96  11:50  Spore Crawler  
  96  11:51  Evolution Chamber x2  
  96  11:52  Hatchery  
  93  11:54  Ravager  
  93  12:07  Ravager x2  
  92  12:11  Roach  
  66  12:27  Roach x6  
  66  12:28  Roach  
  78  12:40  Drone x9  
  87  12:48  Queen  
  89  13:03  Drone x7  
  89  13:05  Ravager x3  
  98  13:07  Ravager  
  98  13:10  Ravager  
  98  13:11  Ravager x2  
  103  13:14  Overlord  
  103  13:19  Glial Reconstitution  
  103  13:24  Zerg Missile Weapons Level 2  
  94  13:48  Roach x9  
  100  13:58  Ravager x2  
  100  14:01  Extractor  
  98  14:05  Roach x6  
  96  14:13  Roach x3  
  96  14:16  Ravager x2  
  101  14:22  Extractor  
  78  14:49  Roach x3  
  78  14:50  Roach x7  
  95  15:10  Hatchery  
  94  15:21  Ravager x7  
  101  15:29  Ravager x3  
  104  15:46  Roach  
  104  15:47  Roach x7  
  114  15:56  Spore Crawler x2  
  110  16:03  Roach x3  
  84  16:30  Spore Crawler x2  
  84  16:31  Spore Crawler  
  73  16:42  Spore Crawler x2  
  66  16:47  Spore Crawler  
  54  16:56  Roach  
  54  16:57  Roach  
  46  17:19  Ravager x3  
Show
View Real Time Build Order
Export as new Build Order

KoinK Terran - Winner!

Build Orders: Cyclone Opening, MMM Bio 

Get SALT Encoding   

  12  0:02  SCV  
  13  0:14  SCV  
  13  0:19  Supply Depot  
  14  0:26  SCV  
  15  0:41  SCV  
  16  0:44  Barracks  
  16  0:48  Refinery  
  16  0:53  SCV  
  17  1:02  Refinery  
  17  1:05  SCV  
  18  1:17  SCV  
  19  1:31  Marine  
  19  1:32  Supply Depot  
  20  1:33  Orbital Command  
  20  1:46  Factory  
  20  1:51  Barracks Reactor  
  21  2:01  SCV  
  21  2:13  SCV  
  22  2:25  SCV  
  23  2:37  SCV  
  23  2:39  Cyclone  
  23  2:40  Starport, Hellion  
  23  2:42  Barracks Tech Lab  
  28  3:00  Supply Depot  
  28  3:03  Hellion  
  30  3:07  SCV  
  31  3:22  SCV, Cyclone  
  31  3:24  Banshee  
  38  3:29  Barracks Tech Lab  
  38  3:40  Supply Depot  
  38  3:48  Marine, Combat Shields  
  39  4:02  Hellion, Cyclone  
  44  4:14  Command Center  
  44  4:21  Banshee  
  47  4:35  Supply Depot  
  47  4:40  Supply Depot  
  47  4:55  Hellion, Marine  
  47  4:57  Hellion  
  49  5:04  Banshee  
  52  5:12  Marine  
  53  5:16  Cyclone  
  53  5:18  Cyclone  
  56  5:30  Orbital Command, Marine  
  56  5:31  SCV  
  58  5:43  Barracks  
  58  5:46  Barracks  
  58  5:48  Marine  
  61  6:06  Marine  
  61  6:07  SCV  
  61  6:08  SCV  
  55  6:29  Stimpack  
  55  6:30  SCV  
  55  6:31  Barracks Reactor  
  53  6:33  SCV  
  53  6:36  Viking x2  
  53  6:37  Siege Tank  
  53  6:38  Marine  
  62  6:42  SCV  
  62  6:45  SCV  
  62  6:49  Barracks Reactor  
  62  6:54  SCV  
  62  6:57  Marauder, SCV  
  62  6:59  Supply Depot  
  62  7:00  Supply Depot  
  66  7:06  SCV, Medivac  
  66  7:07  Marine x2  
  71  7:09  SCV  
  72  7:18  SCV  
  72  7:22  SCV  
  74  7:30  SCV, Engineering Bay  
  74  7:31  Engineering Bay  
  74  7:34  SCV, Command Center  
  76  7:37  Marine x4  
  76  7:40  Marauder, Supply Depot  
  82  7:44  Medivac x2  
  82  7:51  SCV  
  87  7:53  SCV  
  87  7:55  Marine x3  
  87  7:57  Refinery  
  87  7:58  Refinery  
  91  8:03  SCV  
  91  8:05  SCV  
  93  8:08  Supply Depot  
  93  8:10  Marine  
  93  8:11  Marauder  
  96  8:12  Marine  
  96  8:13  Marine  
  96  8:17  Marine  
  96  8:18  SCV  
  98  8:22  Siege Tank  
  101  8:28  Marine  
  101  8:30  SCV, Concussive Shells, Marine x2  
  101  8:31  Marine  
  105  8:35  Marine  
  105  8:40  Medivac  
  105  8:41  Medivac  
  102  8:46  Marine  
  92  8:48  Marine x2  
  92  8:50  Marauder, SCV  
  92  8:52  SCV, Marine  
  92  8:55  Terran Infantry Weapons Level 1  
  91  8:57  Terran Infantry Armor Level 1  
  91  9:00  Orbital Command  
  91  9:04  Marine  
  91  9:07  Marine x2  
  92  9:10  Marine  
  92  9:11  Marauder  
  95  9:19  Siege Tank  
  95  9:22  Marine  
  99  9:25  Marine x2  
  99  9:28  Marine  
  99  9:30  Viking, Medivac  
  105  9:32  SCV x2  
  105  9:33  Marauder  
  105  9:34  SCV  
  106  9:40  Marine  
  106  9:43  Marine x2  
  106  9:44  SCV  
  106  9:45  SCV  
  109  9:46  SCV  
  109  9:51  Siege Tank  
  111  9:54  Marauder  
  111  9:56  Marine  
  111  9:57  Marine  
  85  10:00  Medivac  
  114  10:01  Marine x2  
  118  10:08  Medivac  
  118  10:09  SCV  
  118  10:10  SCV  
  118  10:12  Armory  
  118  10:13  Supply Depot  
  120  10:14  Marine  
  120  10:19  Refinery  
  120  10:20  Refinery  
  121  10:21  SCV  
  121  10:22  SCV, Marine x2  
  125  10:30  Viking, Marine  
  125  10:34  Marine  
  125  10:38  Viking  
  122  10:43  Marine x3  
  122  10:44  Siege Tank  
  122  10:48  Marauder  
  114  10:52  Marine  
  101  11:00  Medivac  
  101  11:01  Marine x3  
  101  11:04  Barracks x3  
  101  11:10  Marauder, Marine  
  104  11:12  Medivac  
  104  11:16  Siege Tank  
  109  11:19  Marine x2  
  109  11:22  Terran Infantry Weapons Level 2  
  111  11:30  Medivac  
  113  11:33  Marine x2  
  113  11:34  Marauder  
  113  11:36  Marine  
  113  11:37  Marine  
  119  11:40  Command Center  
  119  11:42  Viking  
  119  11:43  Missile Turret x2  
  121  11:53  Barracks Reactor x2, Barracks Tech Lab  
  121  12:03  Starport x2  
  121  12:04  Starport  
  121  12:07  SCV x2  
  121  12:08  SCV  
  121  12:14  Marauder x2, Marine x4  
  121  12:19  SCV  
  121  12:20  SCV  
  117  12:25  Fusion Core  
  113  12:30  Marine x4  
  113  12:32  Marine x4  
  113  12:35  Marauder, Marine, Siege Tank  
  113  12:37  Viking x2  
  129  12:41  Starport Tech Lab  
  129  12:42  Starport Tech Lab  
  129  12:43  Starport Tech Lab  
  131  12:48  Marine x2  
  133  12:51  Marine x6  
  133  12:53  Planetary Fortress  
  133  12:56  Refinery  
  141  13:00  Refinery  
  141  13:01  SCV  
  141  13:02  SCV  
  141  13:13  Battlecruiser, SCV  
  148  13:30  Battlecruiser  
  144  13:40  Battlecruiser  
  131  14:17  Battlecruiser  
  136  14:29  Marine x5  
  136  14:30  Marine x5  
  146  14:35  Battlecruiser  
  139  14:44  Battlecruiser  
  132  14:47  Marine x6  
  132  14:51  Marine  
  132  14:52  Marine x3  
  135  14:58  Supply Depot x2  
  135  15:04  Marine  
  135  15:05  Marine x3  
  139  15:08  Marine x2  
  139  15:09  Marine  
  139  15:10  Marauder x2, Marine  
  147  15:20  Orbital Command  
  146  15:22  Marine  
  146  15:23  Battlecruiser, Viking x2, Marine x3  
  146  15:26  Marine x2  
  146  15:27  Marine  
  146  15:28  Marine  
  160  15:32  Marauder x2  
  164  15:40  Marine  
  164  15:41  Marine  
  164  15:42  Marine x2  
  164  15:43  Marine  
  164  15:44  Marine  
  164  15:47  Marine  
  163  15:51  Marine  
  163  15:55  Marauder  
  163  15:58  Marine  
  163  16:01  Marine x2  
  163  16:03  Marine x2  
  164  16:04  Battlecruiser  
  164  16:06  Marine  
  164  16:07  Marine  
  164  16:08  Marine  
  164  16:09  Marauder  
  159  16:12  Battlecruiser  
  159  16:16  Marine x2  
  153  16:19  Cyclone  
  140  16:25  Marine x3  
  140  16:26  Marine x4  
  140  16:27  Battlecruiser  
  140  16:31  Marauder  
  148  16:34  Marine  
  148  16:35  Marauder  
  148  16:43  Marine x3  
  148  16:44  Marine x4  
  150  16:51  Marine, Cyclone  
  150  16:52  Marauder  
  154  16:56  Marauder  
  154  17:01  Marine x5  
  150  17:02  Marine x2  
  150  17:05  SCV  
  164  17:11  Marine  
  163  17:17  SCV  
  164  17:33  Marine  
Tags
 
Add a new tag
Caveats
  • Supply blocks, unpowered buildings, or Contaminate may cause inaccurate times.
  • Supply counts are checked every 10 seconds.